 Dungeon Crawl Stone Soup version 0.21.0 (webtiles) character file.

102 Hekarica the Stinger (level 4, -1/28 HPs)
             Began as an Octopode Venom Mage on May 22, 2018.
             Slain by Crazy Yiuf
             ... wielding a +2 quarterstaff of chaos
              (3 damage)
             ... on level 3 of the Dungeon.
             The game lasted 00:10:24 (1726 turns).

Hekarica the Stinger (Octopode Venom Mage)          Turns: 1726, Time: 00:10:26

Health: -1/28      AC:  1    Str:  8    XL:     4   Next: 77%
Magic:  1/7        EV: 14    Int: 17    God:
Gold:   32         SH:  0    Dex: 12    Spells: 7/8 levels left

rFire    . . .     SeeInvis .     - Unarmed
rCold    . . .     Gourm    .   (no shield)
rNeg     . . .     Faith    .   (helmet restricted)
rPois    .         Spirit   .   (no amulet)
rElec    .         Reflect  .   (no ring)
rCorr    .         Harm     .   (no ring)
MR       .....                  (no ring)
Stlth    +++.......             (no ring)
HPRegen  0.09/turn              (no ring)
MPRegen  0.10/turn              (no ring)
                                (no ring)
                                (no ring)

@: no status effects
A: almost no armour, stealthy swim, amphibious, 8 rings, constrict 8, camouflage
1, gelatinous body 1
a: no special abilities


You were on level 3 of the Dungeon.
You were not hungry.

You visited 1 branch of the dungeon, and saw 3 of its levels.

You collected 32 gold pieces.

Inventory:

Scrolls
 c - 4 scrolls of remove curse {unknown}
 d - a scroll of identify {unknown}
 e - 4 scrolls of fog {unknown}
 g - a scroll of enchant armour {unknown}
Potions
 f - a potion of haste
 h - a potion of magic {unknown}
Books
 a - a Young Poisoner's Handbook

   Spells                             Type                      Level
   a - Sting                          Conjuration/Poison           1
   b - Poisonous Vapours              Poison/Air                   2
   c - Mephitic Cloud                 Conjuration/Poison/Air       3
   d - Olgreb's Toxic Radiance        Poison                       4
   e - Venom Bolt                     Conjuration/Poison           5
Comestibles
 b - 2 rations


   Skills:
 + Level 1.4 Fighting
 + Level 2.6 Dodging
 - Level 3.0 Stealth
 * Level 2.4 Unarmed Combat
 + Level 2.6 Spellcasting
 - Level 1.0 Conjurations
 - Level 3.6 Poison Magic


You had 7 spell levels left.
You knew the following spells:

 Your Spells              Type           Power        Failure   Level  Hunger
a - Sting                 Conj/Pois      ##..         7%          1    #......


Dungeon Overview and Level Annotations

Branches:
Dungeon (3/15)

Altars:

Annotations:
D:2 Sigmund
D:3 Crazy Yiuf


Innate Abilities, Weirdness & Mutations

You cannot wear most types of armour.
You are very stealthy in the water. (Stealth+)
You are amphibious.
You can wear up to eight rings at the same time.
You can use your tentacles to constrict eight enemies at once.
Your skin changes colour to match your surroundings (Stealth+).
Your rubbery body absorbs attacks. (AC +1, EV +1)


Message History

You tentacle-slap Crazy Yiuf but do no damage.
You grab Crazy Yiuf. You squeeze Crazy Yiuf.
Crazy Yiuf is lightly wounded.
You constrict Crazy Yiuf, but do no damage.
You tentacle-slap Crazy Yiuf but do no damage.
Crazy Yiuf is lightly wounded.
You constrict Crazy Yiuf. Crazy Yiuf barely misses you.
You tentacle-slap Crazy Yiuf.
Crazy Yiuf is moderately wounded.
You constrict Crazy Yiuf, but do no damage.
Crazy Yiuf hits you with a quarterstaff of chaos!
Crazy Yiuf burns you.
* * * LOW HITPOINT WARNING * * *
You tentacle-slap Crazy Yiuf but do no damage.
Crazy Yiuf is moderately wounded.
You constrict Crazy Yiuf.
Crazy Yiuf hits you with a quarterstaff of chaos.
* * * LOW HITPOINT WARNING * * *
Crazy Yiuf burns you.
You die...

#...##...........#
##..##........##
#..............
##...........#.
##..#.########
##.....#
#####....#.# #####
....###....# #)g.#
)...))).#..# #.@.#
####)...#..# #...#
≈≈≈####...># ##'##
≈≈≈≈≈≈##.#.# ♣.♣♣
≈≈≈≈≈###.#.# ♣♣.♣
≈≈≈#####.#.# ♣.♣♣
##[......#.# ♣♣.♣
#.####[...# ♣♣.♣♣
#.# #....# ♣♣...♣


You could see Crazy Yiuf.

Vanquished Creatures
  Terence (D:3)
  Natasha (D:3)
  A gnoll (D:1)
  A dart slug (D:1)
  A leopard gecko (D:1)
  4 bats
  8 giant cockroaches
  4 hobgoblins
  7 kobolds (D:3)
  A ball python (D:3)
  3 frilled lizards
  3 goblins
  3 rats (D:1)
  A fungus (D:3)
39 creatures vanquished.

Notes
Turn   | Place    | Note
-------+----------+-------------------------------------------
     0 | D:1      | Hekarica the Octopode Venom Mage began the quest for the Orb.
     0 | D:1      | Reached XP level 1. HP: 11/11 MP: 3/3
   349 | D:1      | Reached XP level 2. HP: 17/17 MP: 1/5
   368 | D:1      | Reached skill level 1 in Unarmed Combat
   768 | D:1      | Reached XP level 3. HP: 20/22 MP: 0/6
  1045 | D:2      | Noticed Sigmund
  1049 | D:3      | Noticed Terence
  1079 | D:3      | Noticed Natasha
  1086 | D:3      | Killed Natasha
  1086 | D:3      | Reached skill level 1 in Fighting
  1086 | D:3      | Reached XP level 4. HP: 16/28 MP: 1/7
  1210 | D:3      | Killed Terence
  1627 | D:3      | Found a runed door.
  1719 | D:3      | Noticed Crazy Yiuf
  1726 | D:3      | Slain by Crazy Yiuf

Skill      XL: |  1  2  3 |
---------------+----------+-----
Unarmed Combat | 1 2 |  2.4
Stealth        | 3 |  3.0
Fighting       | 1 |  1.4
Dodging        | |  2.6
Spellcasting   | |  2.6
Conjurations   | |  1.0
Poison Magic   | |  3.6

Action                   |  1- 3 |  4- 6 || total
-------------------------+-------+-------++-------
Melee: Unarmed           |    24 |    38 ||    62
       Constrict         |    10 |     6 ||    16
       Tentacles         |     6 |     9 ||    15
       Punch             |       |     1 ||     1
 Cast: Sting             |    44 |    20 ||    64
  Use: Potion            |       |     1 ||     1
  Eat: Ration            |     1 |       ||     1
Armor: Skin              |     3 |       ||     3
Dodge: Dodged            |    15 |    10 ||    25
